AoeStats
← thebigmarvinski

Golden Pit

509687602Analyzed
1v1 RM · 5d ago on Sep 27, 2026· 45m 14s· 2 players
Game mode
Random Map
Map size
Tiny (2 player)
Population
200
Speed
Normal
Resources
Standard
Victory
Conquest
Starting age
Dark Age
Ending age
Imperial Age
RankedLock teamsTeams togetherTeam positionsShared explorationLock speedFull tech treeHidden civsTurbo modeCheats
Victory
Defeat
🇦🇹 Franks · Austria
728
+19
🇬🇧 Bengalis · United Kingdom
747
-17
madking
8:49 Loom
11:03 Feudal Age
11:48 Double-Bit Axe
16:23 Forging
24:46 Castle Age
23:04 Fletching
24:50 Elite Skirmisher
28:33 Bow Saw
31:29 Wheelbarrow
38:50 Imperial Age
36:42 Hand Cart
42:58 Cavalier
thebigmarvinski
4:20 Loom
8:54 Loom
10:43 Feudal Age
11:34 Double-Bit Axe
14:50 Fletching
15:01 Padded Archer Armor
16:12 Gold Mining
21:59 Castle Age
22:10 Forging
22:23 Stone Mining
24:06 Pikeman
24:16 Crossbowman
27:31 Wheelbarrow
28:09 Bow Saw
28:25 Scale Mail Armor
28:26 Padded Archer Armor
30:05 Bodkin Arrow
32:24 Squires
32:10 Arson
38:56 Imperial Age
Connection lost

Rejoining the realm…

Still unreachable

The connection could not be restored.

Session expired

The server has moved on; the page needs a fresh start.